 Seeded DCSS version 0.29.1-2-gbd0b4ee654 (webtiles) character file.

Game seed: 3311 (custom seed)

683 Ashen the Magician (level 7, 0/51 HPs)
             Began as a Demonspawn Hedge Wizard on Oct 28, 2022.
             Was a Follower of Vehumet.
             Slain by an ice beast (12 damage)
             ... on level 4 of the Dungeon.
             The game lasted 00:14:21 (7936 turns).

Ashen the Magician (Demonspawn Hedge Wizard)        Turns: 7936, Time: 00:14:22

Health: 0/51       AC:  4    Str: 10    XL:     7   Next: 35%
Magic:  3/13       EV: 12    Int: 18    God:    Vehumet [*.....]
Gold:   264        SH:  0    Dex: 12    Spells: 3/14 levels left

rFire   . . .      SeeInvis .   j - +0 short sword (venom)
rCold   . . .      Faith    .   (no shield)
rNeg    . . .      Spirit   .   m - +0 leather armour
rPois   .          Reflect  .   b - +0 helmet
rElec   .          Harm     .   (no cloak)
rCorr   .          Rampage  .   (no gloves)
Will    .....                   (no boots)
Stlth   ++........              (no amulet)
HPRegen 0.17/turn               (no ring)
MPRegen 0.13/turn               (no ring)

@: no status effects
A: powered by pain 1, sturdy frame 2
a: Renounce Religion


You were on level 4 of the Dungeon.
You worshipped Vehumet.
Vehumet was aware of your devotion.
You visited 1 branch of the dungeon, and saw 5 of its levels.

You collected 264 gold pieces.

Inventory:

Hand Weapons
 j - a +0 short sword of venom (weapon)
Missiles
 r - a throwing net
Armour
 b - a +0 helmet (worn)
 m - a +0 leather armour (worn)
Scrolls
 a - a scroll of noise {unknown}
 c - a scroll of enchant armour {unknown}
 f - 4 scrolls of teleportation {unknown}
 g - a scroll of poison {unknown}
 h - 3 scrolls of identify {unknown}
 i - a scroll of fear {unknown}
 o - a scroll of immolation {unknown}
 p - a scroll of amnesia {unknown}
Potions
 d - a potion of magic
 e - a potion of mutation {unknown}
 k - 2 potions of attraction {unknown}
 l - 2 potions of resistance {unknown}
 n - a potion of curing {unknown}
 q - a potion of flight {unknown}


   Skills:
 + Level 2.8 Fighting
 + Level 3.3 Dodging
 + Level 3.5 Stealth
 + Level 4.0 Spellcasting
 + Level 3.1 Conjurations
 - Level 2.0 Summonings
 - Level 2.0 Translocations
 + Level 1.4 Ice Magic
 + Level 1.4 Air Magic


You had 3 spell levels left.
You knew the following spells:

 Your Spells              Type           Power      Damage    Failure   Level
a - Magic Dart            Conj           60%        1d6       4%          1
b - Blink                 Tloc           20%        N/A       10%         2
c - Call Imp              Summ           10%        N/A       10%         2
d - Mephitic Cloud        Conj/Pois/Air  9%         N/A       24%         3
e - Frozen Ramparts       Ice            16%        1d3       24%         3

Your spell library contained the following spells:

 Spells                   Type           Power      Damage    Failure   Level
 Freeze                   Ice            32%        1d5       9%          1
 Slow                     Hex            12%        N/A       14%         1
 Gell's Gravitas          Tloc           10%        N/A       19%         3
 Teleport Other           Tloc           10%        N/A       19%         3
 Conjure Flame            Conj/Fire      9%         6-21      22%         3
 Summon Ice Beast         Ice/Summ       9%         N/A       58%         4
 Ice Form                 Ice/Tmut       6%         N/A       73%         4
 Summon Mana Viper        Hex/Summ       7%         N/A       95%         5
 Dispersal                Tloc           5%         N/A       100%        6
 Monstrous Menagerie      Summ           5%         N/A       100%        7


Dungeon Overview and Level Annotations

Branches:
Dungeon (5/15)
 Temple: D:4-7

Altars:
Dithmenos
Fedhas
Gozag
Sif Muna
Trog
Vehumet
Wu Jian

Annotations:
D:2 1 runed translucent door, exclusion: door
D:5 Dowan, Duvessa


Innate Abilities, Weirdness & Mutations

You sometimes gain a little power by taking damage.
Your movements are less encumbered by armour. (ER -4)


Message History

You blink.
Casting: Blink (safe; 10% risk of failure)
Confirm with . or Enter, or press ? or * to list all spells.
A beastly little devil appears in a puff of frigid air.
You closely miss the ice beast.
The ice beast is heavily wounded.
You feel stable enough to blink again. The ice beast misses you.
Your white imp misses the ice beast.
Casting: Call Imp (safe; 10% risk of failure)
Confirm with . or Enter, or press ? or * to list all spells.
You blink.
Your white imp hits the ice beast but does no damage.
Casting: Blink (safe; 10% risk of failure)
Confirm with . or Enter, or press ? or * to list all spells.
Aiming: Magic Dart (safe; 4% risk of failure)
Press: ? - help, Shift-Dir - straight line, f/p - ice beast
Aim: an ice beast (heavily wounded, not watching you, ally target, 100% to hit)
The magic dart hits the ice beast.
The ice beast is severely wounded.
Casting: Magic Dart (safe; 4% risk of failure)
Confirm with . or Enter, or press ? or * to list all spells.
You don't have enough magic to cast this spell.
Unknown command.
Your white imp barely misses the ice beast.
You feel stable enough to blink again.
You feel a little less agile now.
Casting: Magic Dart (safe; 4% risk of failure)
Confirm with . or Enter, or press ? or * to list all spells.
A beastly little devil appears in a puff of flame.
You hit the ice beast.
The ice beast is heavily wounded.
The ice beast hits you. The ice beast freezes you.
* * * LOW HITPOINT WARNING * * *
Your crimson imp hits the ice beast but does no damage.
You closely miss the ice beast.
The ice beast is heavily wounded.
The ice beast hits you.
* * * LOW HITPOINT WARNING * * *
The ice beast freezes you!
You die...

..##............##...####..######
.##....................>..##
###..................#...## #
#............###..###...## #
#...........####..# ##...## #
#...........# #..## #....### #
##..........###..# #......##
####............#Y5# ##.......##
..........>.....@..####.........#
.......<......#....##...#####...#
#####.........##......### ##### #
#....)....##.....)# #### #
#.........#..##...## ##..#
######......(...####...# ###..##
...###.........## ##..####..###
...............# ##..##..##
#####...#......# #.....##


You could see an ice beast (ally target) and a friendly crimson imp (summoned).

Vanquished Creatures
  A phantom (D:5)
  A gnoll bouda (D:5)
  A jelly (D:4)
  2 orc priests (D:4)
  4 orc wizards (D:3)
  3 adders
  4 gnolls (D:5)
  A shadow imp (D:5)
  3 worms
  3 dart slugs
  9 orcs
  4 bats
  10 endoplasms
  4 giant cockroaches
  3 goblins
  8 hobgoblins
  4 jackals
  2 quokkas
  8 ball pythons
  2 frilled lizards
  6 kobolds
  5 rats
88 creatures vanquished.

Vanquished Creatures (collateral kills)
  An ogre (D:4)
  A phantom (D:4)
  A hound (D:4)
  An orc priest (D:3)
  A hobgoblin (D:4)
5 creatures vanquished.

Grand Total: 93 creatures vanquished

Notes
Turn   | Place    | Note
-------+----------+-------------------------------------------
     0 | D:1      | Ashen the Demonspawn Hedge Wizard began the quest for the
                  | Orb.
     0 | D:1      | Reached XP level 1. HP: 13/13 MP: 4/4
   364 | D:1      | Reached skill level 1 in Translocations
   527 | D:1      | Gained mutation: Your movements are slightly less
                  | encumbered by armour. (ER -2) [demonic ancestry]
   527 | D:1      | Reached XP level 2. HP: 19/19 MP: 6/6
  2050 | D:2      | Gained mutation: Your movements are less encumbered by
                  | armour. (ER -4) [demonic ancestry]
  2050 | D:2      | Reached XP level 3. HP: 17/25 MP: 7/7
  2315 | D:2      | Found a runed translucent door.
  2335 | D:2      | Found a faded altar of an unknown god.
  3631 | D:3      | Learned a level 2 spell: Blink
  3634 | D:3      | Learned a level 2 spell: Call Imp
  3639 | D:3      | Reached skill level 1 in Fighting
  3639 | D:3      | Reached XP level 4. HP: 28/32 MP: 6/8
  3644 | D:3      | Learned a level 3 spell: Mephitic Cloud
  4082 | D:3      | Found a radiant altar of Vehumet.
  4091 | D:3      | Became a worshipper of Vehumet
  4093 | D:3      | Reached XP level 5. HP: 37/37 MP: 10/10
  4340 | D:3      | Found a shimmering blue altar of Sif Muna.
  5609 | D:4      | You fall into a shaft and drop 1 floor!
  5609 | D:5      | Entered Level 5 of the Dungeon
  5611 | D:5      | Noticed an ice beast
  5682 | D:4      | Reached * piety under Vehumet
  5682 | D:4      | Offered knowledge of Freeze by Vehumet.
  5683 | D:4      | Gained mutation: You sometimes gain a little power by
                  | taking damage. [demonic ancestry]
  5683 | D:4      | Reached XP level 6. HP: 44/44 MP: 7/11
  5687 | D:4      | Learned a level 3 spell: Frozen Ramparts
  7123 | D:5      | Found a bloodstained altar of Trog.
  7130 | D:5      | Found an ornate altar of the Wu Jian Council.
  7186 | D:4      | Reached skill level 1 in Ice Magic
  7186 | D:4      | Reached skill level 1 in Air Magic
  7186 | D:4      | Reached XP level 7. HP: 42/51 MP: 8/12
  7415 | D:5      | Reached skill level 4 in Spellcasting
  7710 | D:5      | Found a blossoming altar of Fedhas.
  7757 | D:5      | Found a shadowy altar of Dithmenos.
  7758 | D:5      | Found an opulent altar of Gozag.
  7780 | D:5      | Noticed Duvessa
  7780 | D:5      | Noticed Dowan
  7936 | D:4      | Slain by an ice beast

Illustrated notes

Levels and vault maps discovered:
D:1:      amcnicky_arrival_flooded_fountain, layout_loops_corners
D:2:      layout_basic, shapermc_ecumenical_altar_petra,
          nicolae_figureground_sparkle, uniq_crazy_yiuf_cottage
D:3:      layout_basic, nicolae_sif_muna_little_library,
          mainiacjoe_overflow_paths, serial_co_window_serial,
          co_window_of_opportunity_a, co_window_corner_a, co_window_paths_a,
          co_window_of_opportunity_a, co_window_of_opportunity_a,
          co_window_cross_3, co_window_unsneaky_path_c, co_window_corner_b,
          co_window_cross_4, co_window_unsneaky_path_c,
          co_window_of_opportunity_c, co_window_paths_d, glass_columns_a,
          glass_columns_a, glass_columns_a, glass_columns_c, glass_columns_b
D:4:      layout_layer_cave
D:5:      dreamdust_elfheim, layout_loops_cross, grunt_temple_overflow_open,
          mainiacjoe_overflow_brackets, gammafunk_temple_overflow_wave

Skill      XL: |  1  2  3  4  5  6  7 |
---------------+----------------------+-----
Translocations | 1 2 |  2.0
Stealth        | 2 3 |  3.5
Dodging        | 2 3 |  3.3
Fighting       | 1 2 |  2.8
Conjurations   | 2 3 |  3.1
Summonings     | 2 |  2.0
Ice Magic      | 1 |  1.4
Air Magic      | 1 |  1.4
Spellcasting   | 4 |  4.0

Action                   |  1- 3 |  4- 6 |  7- 9 || total
-------------------------+-------+-------+-------++-------
Melee: Dagger            |    29 |       |       ||    29
       Short sword       |    76 |    72 |    45 ||   193
       Punch             |     3 |       |     2 ||     5
 Cast: Magic Dart        |    51 |    88 |    20 ||   159
       Call Imp          |       |    10 |     7 ||    17
       Blink             |       |     3 |     5 ||     8
       Mephitic Cloud    |       |     1 |     3 ||     4
  Use: Potion            |       |     1 |       ||     1
 Stab: Sleeping          |     5 |     2 |       ||     7
       Distracted        |       |     1 |       ||     1
       Confused          |       |       |     1 ||     1
Armor: Robe              |    21 |       |       ||    21
       Leather armour    |    16 |    13 |    10 ||    39
Dodge: Dodged            |    67 |    44 |    42 ||   153
